Senators vs Wolfpack

Created - Friday, January 17, 2025 at 22:08

Goals
1 2 3 T
Senators 3 1 0 4
Wolfpack 3 0 2 5
Shots
1 2 3 T
Senators 11 14 11 36
Wolfpack 17 6 14 37

1st period

1. Wolfpack , Will Butcher 8 (Jacob MacDonald 17, Gage Quinney 4) at 1:46 (PP)
2. Wolfpack , Mackenzie Entwistle 16 (Mavrik Bourque 34) at 3:15
3. Wolfpack , Gage Quinney 5 (Will Butcher 21) at 6:36
4. Senators , Mathieu Olivier 14 (Seth Griffith 35, Riley Stillman 10) at 8:52
5. Senators , Peter Abbandonato 22 (Tye Felhaber 14, Jon Merrill 27) at 18:18 (PP)
6. Senators , Jon Merrill 9 (Seth Griffith 36, Mathieu Olivier 28) at 18:57 (PP)

Penalties :
Jon Merrill (BEL) for Holding (Minor) at 0:36, Tyler Madden (HAR) for High sticking (Minor) at 10:21, Dillon Heatherington (HAR) for Roughing (Double Minor) at 12:26, Greg McKegg (BEL) for Roughing (Minor) at 15:48, Drew Helleson (HAR) for High sticking (Minor) at 17:50, Nicolas Deslauriers (HAR) for High sticking (Minor) at 18:51

2nd period

7. Senators , Riley Stillman 3 (Tye Felhaber 15, Gerry Mayhew 16) at 3:17

Penalties :
Nicolas Deslauriers (HAR) for Tripping (Minor) at 5:44, Dillon Heatherington (HAR) for Fighting (Major) at 8:02, Riley Stillman (BEL) for Fighting (Major) at 8:02, Colton White (HAR) for Tripping (Minor) at 8:17, Nicolas Deslauriers (HAR) for High sticking (Minor) at 12:52, Jon Merrill (BEL) for Cross-checking (Minor) at 16:36, Milan Lucic (BEL) for High sticking (Minor) at 17:01, Greg McKegg (BEL) for Slashing (Minor) at 17:08

3rd period

8. Wolfpack , Charles Hudon 16 (Nicolas Deslauriers 15, Dillon Heatherington 3) at 6:16
9. Wolfpack , Vasili Ponomarev 9 (John Leonard 14, Cole Schneider 15) at 8:53

Penalties :
Tye Felhaber (BEL) for Tripping (Minor) at 1:16, John Leonard (HAR) for Delaying the game (Minor) at 3:34, Jacob MacDonald (HAR) for Delaying the game (Minor) at 6:41, Vasili Ponomarev (HAR) for Roughing (Minor) at 10:35, Nicolas Deslauriers (HAR) for Roughing (Minor) at 14:32, Roland McKeown (BEL) for Delaying the game (Minor) at 14:32, Nicolas Deslauriers (HAR) for Slashing (Minor) at 17:25

Goalie Stats

Pavel Cajan (BEL), 32 saves from 37 shots - (0.865), L, 7-5-1, 58:31 minutes
Jesper Wallstedt (HAR), 32 saves from 36 shots - (0.889), W, 24-12-8, 60:00 minutes

Players Stats for Senators

Player Name              G  A  P  +/- PIM S  H  SB GA TA FO     MP     PP MP  PK MP  
------------------------------------------------------------------------------------
Cal O'Reilly             0  0  0  -2  0   2  0  1  0  0  4/11   10:37   0:30   2:16 
Cameron Hebig            0  0  0   0  0   2  0  0  0  0  0/0    19:28   9:50   0:52 
Dakota Mermis            0  0  0   0  0   1  1  0  0  0  0/0    21:55   8:31   0:29 
Gerry Mayhew             0  1  1   1  0   0  2  0  0  0  0/0    17:34   8:47   0:00 
Givani Smith             0  0  0  -1  0   6  1  0  0  0  1/2    16:42   8:46   0:00 
Graeme Clarke            0  0  0   1  0   5  0  0  0  0  11/15  20:04   8:48   1:58 
Greg McKegg              0  0  0  -1  4   1  2  0  0  0  2/4    12:51   2:32   1:54 
Jon Merrill              1  1  2  -1  4   4  2  1  0  0  0/0    19:13   9:30   0:00 
Logan Day                0  0  0  -1  0   1  1  0  0  0  0/0    10:26   0:00   3:35 
Mathieu Olivier          1  1  2   0  0   3  3  2  0  0  2/3    20:26   9:25   3:10 
Milan Lucic              0  0  0  -2  2   1  2  0  0  0  0/0    11:07   1:41   1:19 
Peter Abbandonato        1  0  1  -1  0   1  1  0  0  0  10/22  16:49   8:53   0:00 
Riley Stillman           1  1  2  -1  5   1  0  3  0  0  0/0    15:08   1:18   3:24 
Roland McKeown           0  0  0  -1  2   2  0  3  0  0  0/0    15:18   0:00   3:27 
Seth Griffith            0  2  2   0  0   2  0  0  0  0  14/33  19:39   9:28   0:00 
Tye Felhaber             0  2  2   1  2   2  0  0  0  0  0/0    16:03   8:09   0:34 
Tyler Spezia             0  0  0  -2  0   2  0  0  0  0  0/0     8:23   0:20   0:00 
William Villeneuve       0  0  0   0  0   0  1  0  0  0  0/0    16:32   1:46   3:09 

Players Stats for Wolfpack

Player Name              G  A  P  +/- PIM S  H  SB GA TA FO     MP     PP MP  PK MP  
------------------------------------------------------------------------------------
Charles Hudon            1  0  1   2  0   4  1  1  0  0  9/17   21:26   3:35   7:43 
Cole Schneider           0  1  1   0  0   3  4  1  0  0  0/0    12:45   0:00   2:43 
Colton White             0  0  0   0  2   0  1  0  0  0  0/0     8:01   0:09   1:13 
Dillon Heatherington     0  1  1   1  9   2  4  0  0  0  0/0    12:13   0:52   0:03 
Drake Caggiula           0  0  0   0  0   1  3  0  0  0  6/8    17:10   3:27   7:43 
Drew Helleson            0  0  0   1  2   1  1  0  0  0  0/0    14:14   0:00   2:46 
Gage Quinney             1  1  2   2  0   6  0  0  0  0  1/2    13:31   3:35   0:37 
Jacob MacDonald          0  1  1   1  2   1  4  3  0  0  0/0    19:25   2:58   7:45 
John Leonard             0  1  1   0  2   3  1  0  0  0  1/2    12:12   0:09   0:00 
Josh Mahura              0  0  0   0  0   0  5  5  0  0  0/0    20:13   3:45   9:34 
Mackenzie Entwistle      1  0  1   0  0   5  2  0  0  0  0/2    19:06   3:27   9:37 
Marco Scandella          0  0  0   0  0   1  2  1  0  0  0/0    24:29   3:12   9:15 
Matthew Phillips         0  0  0   0  0   2  0  0  0  0  0/1     6:11   0:00   0:00 
Mavrik Bourque           0  1  1   0  0   2  2  0  0  0  17/34  26:16   3:18  10:55 
Nicolas Deslauriers      0  1  1   2  10  3  4  0  0  0  2/3    12:49   3:35   0:00 
Tyler Madden             0  0  0   0  2   0  0  0  0  0  3/8     6:10   0:00   0:00 
Vasili Ponomarev         1  0  1   0  2   2  0  0  0  0  7/13   10:01   0:00   0:00 
Will Butcher             1  1  2   1  0   1  0  1  0  0  0/0    21:20   3:08   8:42 

3 Stars

1 - Gage Quinney (HAR)
2 - Will Butcher (HAR)
3 - Mathieu Olivier (BEL)

Power Play

Senators - 2 on 12 Attempt(s) - 16.67%
Wolfpack - 1 on 6 Attempt(s) - 16.67%

Penalty Kill

Senators - 5 on 6 Attempt(s) - 83.33% - Score 0 goal in Penalty Kill
Wolfpack - 10 on 12 Attempt(s) - 83.33% - Score 0 goal in Penalty Kill

Team Stat

Senators - Hits : 16 - Faceoff Wins : 44 - Blocked Shots : 10 - Penalty Minutes : 19
Wolfpack - Hits : 34 - Faceoff Wins : 46 - Blocked Shots : 12 - Penalty Minutes : 31

Official

Referees : Justin Kea and Reid Anderson
Linesman : Justin Johnson and Bryan Pancich

Game Notes

Dillon Heatherington and Riley Stillman fight to a draw at 8:02 of 2nd period

Finance

Level 1 -- Attendance: 2000 (100.00%) -- Ticket Income $70,000
Level 2 -- Attendance: 959 (95.90%) -- Ticket Income $14,385
Total Attendance: 2959 (98.63%)
Total Ticket Income: $84,385
Other Income: $41,349
Total Income: $125,734

Senators

5 vs 5 Forward 
   Center                   Left Wing                Right Wing               Time % Phy DF OF 
 1 Seth Griffith            Cameron Hebig            Mathieu Olivier          30     0   1  4  
 2 Graeme Clarke            Tye Felhaber             Gerry Mayhew             27     0   1  4  
 3 Peter Abbandonato        Greg McKegg              Givani Smith             24     0   1  4  
 4 Cal O'Reilly             Tyler Spezia             Milan Lucic              19     0   1  4  

5 vs 5 Defense 
   Defense                  Defense                                           Time % Phy DF OF 
 1 William Villeneuve       Dakota Mermis                                     30     0   4  1  
 2 Logan Day                Jon Merrill                                       30     0   4  1  
 3 Roland McKeown           Riley Stillman                                    30     0   4  1  
 4 William Villeneuve       Dakota Mermis                                     10     0   4  1  

PowerPlay Forward 
   Center                   Left Wing                Right Wing               Time % Phy DF OF 
 1 Seth Griffith            Mathieu Olivier          Gerry Mayhew             60     0   0  5  
 2 Peter Abbandonato        Tye Felhaber             Givani Smith             40     0   0  5  

PowerPlay Defense
   Defense                  Defense                                           Time % Phy DF OF 
 1 Graeme Clarke            Dakota Mermis                                     60     0   1  4  
 2 Cameron Hebig            Jon Merrill                                       40     0   1  4  

Penalty Kill 4 Players Forward 
   Center                   Wing                     Time % Phy DF OF 
 1 Greg McKegg              Mathieu Olivier          60     0   4  1  
 2 Cal O'Reilly             Milan Lucic              40     0   4  1  

Penalty Kill 4 Players Defense
   Defense                  Defense                  Time % Phy DF OF 
 1 William Villeneuve       Logan Day                60     0   5  0  
 2 Riley Stillman           Roland McKeown           40     0   5  0  

Penalty Kill - 3 Players Forward 
   Forward                                           Time % Phy DF OF 
 1 Greg McKegg                                       60     0   5  0  
 2 Cal O'Reilly                                      40     0   5  0  

Penalty Kill - 3 Players Defense
   Defense                  Defense                  Time % Phy DF OF 
 1 William Villeneuve       Logan Day                60     0   5  0  
 2 Riley Stillman           Roland McKeown           40     0   5  0  

4 vs 4 Forward 
   Center                   Wing                     Time % Phy DF OF 
 1 Seth Griffith            Gerry Mayhew             60     0   0  5  
 2 Peter Abbandonato        Givani Smith             40     0   0  5  

4 vs 4 Defense
   Defense                  Defense                  Time % Phy DF OF 
 1 Graeme Clarke            Dakota Mermis            60     0   1  4  
 2 Cameron Hebig            Jon Merrill              40     0   1  4  

Last Minutes Offensive
   Center                   Left Wing                Right Wing               Defense                  Defense                  
   Seth Griffith            Mathieu Olivier          Gerry Mayhew             Graeme Clarke            Dakota Mermis            

Last Minutes Defensive
   Center                   Left Wing                Right Wing               Defense                  Defense                  
   Cal O'Reilly             Greg McKegg              Mathieu Olivier          Dakota Mermis            William Villeneuve       

Goaltenders
Starting : Pavel Cajan              
Backup : Alexei Kolosov           

Extra Forwards
Normal : Seth Griffith, Gerry Mayhew, Graeme Clarke - PP : Seth Griffith, Graeme Clarke - PK : Mathieu Olivier
Extra Defensemen
Normal : Dakota Mermis, Jon Merrill, William Villeneuve - PP : Dakota Mermis - PK : Dakota Mermis, William Villeneuve
Penalty Shots
Gerry Mayhew, Seth Griffith, Graeme Clarke, Cameron Hebig, Mathieu Olivier
Custom OT Lines Forwards
Seth Griffith, Mathieu Olivier, Graeme Clarke, Givani Smith, Gerry Mayhew, Cameron Hebig, Peter Abbandonato, Greg McKegg, Cal O'Reilly, Milan Lucic
Custom OT Lines Defensemen
Dakota Mermis, Jon Merrill, William Villeneuve, Roland McKeown, Riley Stillman

Scratches
Paul LaDue (Healthy), Mike Benning (Healthy), Blake Hillman (Healthy), Alex Whelan (Healthy), Zach Jordan (Healthy)
Travis Barron (Healthy), Mark Pysyk (Healthy), Josh Melnick (Healthy), Nikolas Brouillard (Healthy), Lassi Thomson (Healthy)

Wolfpack

5 vs 5 Forward 
   Center                   Left Wing                Right Wing               Time % Phy DF OF 
 1 Mavrik Bourque           Mackenzie Entwistle      Drake Caggiula           25     1   2  2  
 2 Charles Hudon            Gage Quinney             Nicolas Deslauriers      25     1   2  2  
 3 Vasili Ponomarev         Cole Schneider           John Leonard             25     1   2  2  
 4 Tyler Madden             Mavrik Bourque           Matthew Phillips         25     1   2  2  

5 vs 5 Defense 
   Defense                  Defense                                           Time % Phy DF OF 
 1 Marco Scandella          Josh Mahura                                       25     1   2  2  
 2 Jacob MacDonald          Will Butcher                                      25     1   2  2  
 3 Dillon Heatherington     Drew Helleson                                     25     1   2  2  
 4 Colton White             Marco Scandella                                   25     1   2  2  

PowerPlay Forward 
   Center                   Left Wing                Right Wing               Time % Phy DF OF 
 1 Mavrik Bourque           Mackenzie Entwistle      Drake Caggiula           60     1   2  2  
 2 Charles Hudon            Gage Quinney             Nicolas Deslauriers      40     1   2  2  

PowerPlay Defense
   Defense                  Defense                                           Time % Phy DF OF 
 1 Marco Scandella          Josh Mahura                                       60     1   2  2  
 2 Jacob MacDonald          Will Butcher                                      40     1   2  2  

Penalty Kill 4 Players Forward 
   Center                   Wing                     Time % Phy DF OF 
 1 Mavrik Bourque           Mackenzie Entwistle      60     1   2  2  
 2 Drake Caggiula           Charles Hudon            40     1   2  2  

Penalty Kill 4 Players Defense
   Defense                  Defense                  Time % Phy DF OF 
 1 Marco Scandella          Josh Mahura              60     1   2  2  
 2 Jacob MacDonald          Will Butcher             40     1   2  2  

Penalty Kill - 3 Players Forward 
   Forward                                           Time % Phy DF OF 
 1 Mavrik Bourque                                    60     1   2  2  
 2 Mackenzie Entwistle                               40     1   2  2  

Penalty Kill - 3 Players Defense
   Defense                  Defense                  Time % Phy DF OF 
 1 Marco Scandella          Josh Mahura              60     1   2  2  
 2 Jacob MacDonald          Will Butcher             40     1   2  2  

4 vs 4 Forward 
   Center                   Wing                     Time % Phy DF OF 
 1 Mavrik Bourque           Mackenzie Entwistle      60     1   2  2  
 2 Drake Caggiula           Charles Hudon            40     1   2  2  

4 vs 4 Defense
   Defense                  Defense                  Time % Phy DF OF 
 1 Marco Scandella          Josh Mahura              60     1   2  2  
 2 Jacob MacDonald          Will Butcher             40     1   2  2  

Last Minutes Offensive
   Center                   Left Wing                Right Wing               Defense                  Defense                  
   Mavrik Bourque           Mackenzie Entwistle      Drake Caggiula           Marco Scandella          Josh Mahura              

Last Minutes Defensive
   Center                   Left Wing                Right Wing               Defense                  Defense                  
   Mavrik Bourque           Mackenzie Entwistle      Drake Caggiula           Marco Scandella          Josh Mahura              

Goaltenders
Starting : Jesper Wallstedt         
Backup : Cal Petersen             

Extra Forwards
Normal : John Leonard, Vasili Ponomarev, Cole Schneider - PP : John Leonard, Vasili Ponomarev - PK : Cole Schneider
Extra Defensemen
Normal : Dillon Heatherington, Drew Helleson, Colton White - PP : Dillon Heatherington - PK : Drew Helleson, Colton White
Penalty Shots
Mavrik Bourque, Mackenzie Entwistle, Drake Caggiula, Charles Hudon, Nicolas Deslauriers
Custom OT Lines Forwards
Mavrik Bourque, Mackenzie Entwistle, Drake Caggiula, Charles Hudon, Nicolas Deslauriers, John Leonard, Vasili Ponomarev, Gage Quinney, Cole Schneider, Tyler Madden
Custom OT Lines Defensemen
Marco Scandella, Josh Mahura, Jacob MacDonald, Will Butcher, Dillon Heatherington

Scratches
Wade Allison (Healthy), Emil Bemstrom (Healthy), Skyler Brind'Amour (Healthy), Montana Onyebuchi (Healthy), Matt Filipe (Healthy)
Dave Gust (Healthy), Matt Kiersted (Healthy), Zach Sawchenko (Healthy)

% Time on Ice - Senators

Lines # - Real PCT - Wanted PCT - Time Play
Normal Forward
1 - 25% - 30% - 7:32
2 - 24% - 27% - 7:21
3 - 25% - 24% - 7:24
4 - 26% - 19% - 7:51
Normal Defense
1 - 29% - 30% - 8:38
2 - 27% - 30% - 8:00
3 - 39% - 30% - 11:52
4 - 5% - 10% - 1:38
PP Forward
1 - 55% - 60% - 10:46
2 - 45% - 40% - 8:53
PP Defense
1 - 45% - 60% - 8:51
2 - 55% - 40% - 10:48
PK Forward
1 - 74% - 60% - 3:43
2 - 26% - 40% - 1:20
PK Defense
1 - 50% - 60% - 2:32
2 - 50% - 40% - 2:31
PK3 Forward
1 - 100% - 60% - 1:59
2 - 0% - 40% - 0:00
PK3 Defense
1 - 53% - 60% - 1:03
2 - 47% - 40% - 0:56
44 Forward
1 - 79% - 60% - 2:04
2 - 21% - 40% - 0:32
44 Defense
1 - 53% - 60% - 1:22
2 - 47% - 40% - 1:14
Last Minute Offensive  - 0:35
Last Minute Defensive  - 0:00
Total
Forward - 60:00
Defense - 60:00

% Time on Ice - Wolfpack

Lines # - Real PCT - Wanted PCT - Time Play
Normal Forward
1 - 15% - 25% - 4:36
2 - 31% - 25% - 9:19
3 - 33% - 25% - 10:02
4 - 21% - 25% - 6:11
Normal Defense
1 - 17% - 25% - 5:09
2 - 27% - 25% - 8:06
3 - 38% - 25% - 11:29
4 - 18% - 25% - 5:24
PP Forward
1 - 49% - 60% - 3:27
2 - 51% - 40% - 3:35
PP Defense
1 - 53% - 60% - 3:45
2 - 47% - 40% - 3:17
PK Forward
1 - 61% - 60% - 11:56
2 - 39% - 40% - 7:43
PK Defense
1 - 54% - 60% - 10:34
2 - 46% - 40% - 9:05
PK3 Forward
1 - 0% - 60%
2 - 0% - 40%
PK3 Defense
1 - 0% - 60%
2 - 0% - 40%
44 Forward
1 - 69% - 60% - 1:47
2 - 31% - 40% - 0:49
44 Defense
1 - 45% - 60% - 1:10
2 - 55% - 40% - 1:26
Last Minute Offensive  - 0:00
Last Minute Defensive  - 0:35
Total
Forward - 60:00
Defense - 60:00

Play-by-Play

1st period


0:01 of 1st period - Seth Griffith wins face-off versus Mackenzie Entwistle in neutral zone.
0:12 of 1st period - Shot by Mackenzie Entwistle.
0:12 of 1st period - Stopped by Pavel Cajan with a rebound.
0:19 of 1st period - Off-side.
0:20 of 1st period - Graeme Clarke wins face-off versus Charles Hudon in neutral zone.
0:36 of 1st period - Minor Penalty to Jon Merrill for Holding.
0:37 of 1st period - Drake Caggiula wins face-off versus Greg McKegg in Senators zone.
0:58 of 1st period - Milan Lucic is hit by Mackenzie Entwistle and loses puck.
1:08 of 1st period - Shot by Mackenzie Entwistle.
1:08 of 1st period - Stopped by Pavel Cajan with a rebound.
1:10 of 1st period - Shot by Marco Scandella.
1:10 of 1st period - Shot Misses the Net.
1:12 of 1st period - Shot by Josh Mahura.
1:12 of 1st period - Shot Blocked by Cal O'Reilly.
1:38 of 1st period - Shot by Jacob MacDonald.
1:38 of 1st period - Shot Blocked by Riley Stillman.
1:40 of 1st period - Shot by Charles Hudon.
1:40 of 1st period - Shot Blocked by Mathieu Olivier.
1:42 of 1st period - Shot by Charles Hudon.
1:42 of 1st period - Deflect By Gage Quinney.
1:42 of 1st period - Stopped by Pavel Cajan with a rebound.
1:44 of 1st period - Shot by Jacob MacDonald.
1:44 of 1st period - Stopped by Pavel Cajan with a rebound.
1:46 of 1st period - Shot by Will Butcher.
1:46 of 1st period - Goal by Will Butcher - Senators : 0 - Wolfpack : 1.
1:47 of 1st period - Graeme Clarke wins face-off versus Vasili Ponomarev in neutral zone.
1:54 of 1st period - Shot by Graeme Clarke.
1:54 of 1st period - Stopped by Jesper Wallstedt without a rebound.
1:55 of 1st period - Vasili Ponomarev wins face-off versus Peter Abbandonato in Wolfpack zone.
1:55 of 1st period - Vasili Ponomarev is hit by Peter Abbandonato.
2:05 of 1st period - Shot by John Leonard.
2:05 of 1st period - Stopped by Pavel Cajan with a rebound.
2:07 of 1st period - Shot by Cole Schneider.
2:07 of 1st period - Shot Misses the Net.
2:09 of 1st period - Shot by Cole Schneider.
2:09 of 1st period - Stopped by Pavel Cajan without a rebound.
2:10 of 1st period - Cal O'Reilly wins face-off versus Tyler Madden in Senators zone.
2:10 of 1st period - Cal O'Reilly is hit by Mavrik Bourque.
2:22 of 1st period - Shot by Mavrik Bourque.
2:22 of 1st period - Shot Blocked by Roland McKeown.
2:24 of 1st period - Shot by Marco Scandella.
2:24 of 1st period - Stopped by Pavel Cajan without a rebound.
2:25 of 1st period - Nicolas Deslauriers wins face-off versus Seth Griffith in Senators zone.
3:07 of 1st period - Icing by Logan Day.
3:08 of 1st period - Tyler Madden wins face-off versus Seth Griffith in Senators zone.
3:13 of 1st period - Shot by Mavrik Bourque.
3:13 of 1st period - Stopped by Pavel Cajan without a rebound.
3:14 of 1st period - Mavrik Bourque wins face-off versus Peter Abbandonato in Senators zone.
3:15 of 1st period - Shot by Mackenzie Entwistle.
3:15 of 1st period - Goal by Mackenzie Entwistle - Senators : 0 - Wolfpack : 2.
3:16 of 1st period - Mavrik Bourque wins face-off versus Peter Abbandonato in neutral zone.
3:41 of 1st period - Shot by Givani Smith.
3:41 of 1st period - Stopped by Jesper Wallstedt without a rebound.
3:42 of 1st period - Graeme Clarke wins face-off versus Vasili Ponomarev in Wolfpack zone.
3:43 of 1st period - Shot by Tye Felhaber.
3:43 of 1st period - Stopped by Jesper Wallstedt with a rebound.
4:05 of 1st period - Shot by Graeme Clarke.
4:05 of 1st period - Stopped by Jesper Wallstedt without a rebound.
4:06 of 1st period - Mavrik Bourque wins face-off versus Cal O'Reilly in Wolfpack zone.
4:17 of 1st period - Shot by Mavrik Bourque.
4:17 of 1st period - Stopped by Pavel Cajan with a rebound.
4:21 of 1st period - Shot by Mavrik Bourque.
4:21 of 1st period - Shot Misses the Net.
4:26 of 1st period - Icing by Jon Merrill.
4:27 of 1st period - Vasili Ponomarev wins face-off versus Cal O'Reilly in Senators zone.
4:46 of 1st period - Cole Schneider is hit by Milan Lucic and loses puck.
5:14 of 1st period - Tye Felhaber is hit by Dillon Heatherington and loses puck.
6:07 of 1st period - Givani Smith is hit by Marco Scandella and loses puck.
6:16 of 1st period - Shot by Peter Abbandonato.
6:16 of 1st period - Deflect By Givani Smith.
6:16 of 1st period - Stopped by Jesper Wallstedt without a rebound.
6:17 of 1st period - Mathieu Olivier wins face-off versus Charles Hudon in Wolfpack zone.
6:17 of 1st period - Seth Griffith is hit by Jacob MacDonald and loses puck.
6:36 of 1st period - Shot by Gage Quinney.
6:36 of 1st period - Goal by Gage Quinney - Senators : 0 - Wolfpack : 3.
6:37 of 1st period - Cal O'Reilly wins face-off versus Mavrik Bourque in neutral zone.
6:48 of 1st period - Shot by Cal O'Reilly.
6:48 of 1st period - Stopped by Jesper Wallstedt without a rebound.
6:49 of 1st period - Graeme Clarke wins face-off versus Charles Hudon in Wolfpack zone.
6:52 of 1st period - Shot by Gerry Mayhew.
6:52 of 1st period - Shot Misses the Net.
7:47 of 1st period - Shot by Cole Schneider.
7:47 of 1st period - Stopped by Pavel Cajan with a rebound.
8:06 of 1st period - Shot by John Leonard.
8:06 of 1st period - Stopped by Pavel Cajan with a rebound.
8:42 of 1st period - Shot by Mackenzie Entwistle.
8:42 of 1st period - Stopped by Pavel Cajan with a rebound.
8:47 of 1st period - Mathieu Olivier is hit by Josh Mahura and loses puck.
8:52 of 1st period - Shot by Mathieu Olivier.
8:52 of 1st period - Goal by Mathieu Olivier - Senators : 1 - Wolfpack : 3.
8:53 of 1st period - Charles Hudon wins face-off versus Peter Abbandonato in neutral zone.
9:39 of 1st period - Givani Smith is hit by Dillon Heatherington and loses puck.
10:21 of 1st period - Minor Penalty to Tyler Madden for High sticking.
10:22 of 1st period - Mavrik Bourque wins face-off versus Seth Griffith in Wolfpack zone.
10:22 of 1st period - Mavrik Bourque is hit by Mathieu Olivier.
11:11 of 1st period - Shot by Peter Abbandonato.
11:11 of 1st period - Shot Blocked by Charles Hudon.
11:53 of 1st period - Shot by Tyler Spezia.
11:53 of 1st period - Shot Blocked by Jacob MacDonald.
11:55 of 1st period - Shot by Tyler Spezia.
11:55 of 1st period - Stopped by Jesper Wallstedt without a rebound.
11:56 of 1st period - Seth Griffith wins face-off versus Drake Caggiula in Wolfpack zone.
12:26 of 1st period - Double Minor Penalty to Dillon Heatherington for Roughing.
12:27 of 1st period - Peter Abbandonato wins face-off versus Mavrik Bourque in Wolfpack zone.
13:22 of 1st period - Shot by Cameron Hebig.
13:22 of 1st period - Shot Misses the Net.
14:05 of 1st period - Shot by Graeme Clarke.
14:05 of 1st period - Shot Misses the Net.
14:07 of 1st period - Shot by Mathieu Olivier.
14:07 of 1st period - Stopped by Jesper Wallstedt without a rebound.
14:08 of 1st period - Peter Abbandonato wins face-off versus Mavrik Bourque in Wolfpack zone.
15:42 of 1st period - Greg McKegg is hit by Josh Mahura and loses puck.
15:48 of 1st period - Minor Penalty to Greg McKegg for Roughing.
15:49 of 1st period - Seth Griffith wins face-off versus Mavrik Bourque in Senators zone.
15:49 of 1st period - Seth Griffith is hit by John Leonard.
16:00 of 1st period - Icing by Jacob MacDonald.
16:01 of 1st period - Mavrik Bourque wins face-off versus Seth Griffith in Wolfpack zone.
16:48 of 1st period - Tye Felhaber is hit by Nicolas Deslauriers and loses puck.
17:08 of 1st period - Off-side.
17:09 of 1st period - Mavrik Bourque wins face-off versus Graeme Clarke in neutral zone.
17:18 of 1st period - Shot by Drake Caggiula.
17:18 of 1st period - Stopped by Pavel Cajan without a rebound.
17:19 of 1st period - Graeme Clarke wins face-off versus Charles Hudon in Senators zone.
17:19 of 1st period - Graeme Clarke is hit by Nicolas Deslauriers.
17:28 of 1st period - Icing by Jacob MacDonald.
17:29 of 1st period - Graeme Clarke wins face-off versus Nicolas Deslauriers in Wolfpack zone.
17:43 of 1st period - Icing by Will Butcher.
17:44 of 1st period - Mathieu Olivier wins face-off versus Charles Hudon in Wolfpack zone.
17:48 of 1st period - Icing by Jacob MacDonald.
17:49 of 1st period - Peter Abbandonato wins face-off versus Vasili Ponomarev in Wolfpack zone.
17:49 of 1st period - Peter Abbandonato is hit by Dillon Heatherington.
17:50 of 1st period - Minor Penalty to Drew Helleson for High sticking.
17:51 of 1st period - Mavrik Bourque wins face-off versus Peter Abbandonato in Wolfpack zone.
18:02 of 1st period - Shot by Cameron Hebig.
18:02 of 1st period - Shot Misses the Net.
18:04 of 1st period - Shot by Givani Smith.
18:04 of 1st period - Shot Blocked by Josh Mahura.
18:06 of 1st period - Shot by Givani Smith.
18:06 of 1st period - Shot Misses the Net.
18:08 of 1st period - Shot by Cameron Hebig.
18:08 of 1st period - Shot Misses the Net.
18:10 of 1st period - Shot by Cameron Hebig.
18:10 of 1st period - Shot Misses the Net.
18:16 of 1st period - Shot by Jon Merrill.
18:16 of 1st period - Shot Blocked by Josh Mahura.
18:18 of 1st period - Shot by Tye Felhaber.
18:18 of 1st period - Deflect By Peter Abbandonato.
18:18 of 1st period - Goal by Peter Abbandonato - Senators : 2 - Wolfpack : 3.
18:19 of 1st period - Charles Hudon wins face-off versus Cal O'Reilly in neutral zone.
18:24 of 1st period - Shot by Gage Quinney.
18:24 of 1st period - Stopped by Pavel Cajan without a rebound.
18:25 of 1st period - Charles Hudon wins face-off versus Cal O'Reilly in Senators zone.
18:46 of 1st period - Shot by Gage Quinney.
18:46 of 1st period - Shot Misses the Net.
18:51 of 1st period - Minor Penalty to Nicolas Deslauriers for High sticking.
18:52 of 1st period - Seth Griffith wins face-off versus Mavrik Bourque in Wolfpack zone.
18:52 of 1st period - Mathieu Olivier is hit by Josh Mahura and loses puck.
18:55 of 1st period - Shot by Seth Griffith.
18:55 of 1st period - Shot Hit the Post.
18:57 of 1st period - Shot by Jon Merrill.
18:57 of 1st period - Goal by Jon Merrill - Senators : 3 - Wolfpack : 3.
18:58 of 1st period - Seth Griffith wins face-off versus Tyler Madden in neutral zone.
Goals for this period are 3 for Senators vs 3 for Wolfpack.
Shots for this period are 11 for Senators vs 17 for Wolfpack.

2nd period


0:01 of 2nd period - Seth Griffith wins face-off versus Mavrik Bourque in neutral zone.
0:01 of 2nd period - Seth Griffith is hit by Mavrik Bourque.
0:08 of 2nd period - Icing by Mackenzie Entwistle.
0:09 of 2nd period - Peter Abbandonato wins face-off versus Mavrik Bourque in Wolfpack zone.
0:10 of 2nd period - Shot by Greg McKegg.
0:10 of 2nd period - Stopped by Jesper Wallstedt without a rebound.
0:11 of 2nd period - Mavrik Bourque wins face-off versus Peter Abbandonato in Wolfpack zone.
0:11 of 2nd period - Marco Scandella is hit by Givani Smith and loses puck.
0:20 of 2nd period - Shot by Peter Abbandonato.
0:20 of 2nd period - Shot Blocked by Josh Mahura.
0:22 of 2nd period - Shot by Givani Smith.
0:22 of 2nd period - Shot Misses the Net.
0:26 of 2nd period - Shot by Givani Smith.
0:26 of 2nd period - Shot Misses the Net.
0:28 of 2nd period - Shot by Dakota Mermis.
0:28 of 2nd period - Shot Misses the Net.
0:47 of 2nd period - Peter Abbandonato is hit by Marco Scandella and loses puck.
1:25 of 2nd period - Off-side.
1:26 of 2nd period - Vasili Ponomarev wins face-off versus Graeme Clarke in neutral zone.
1:29 of 2nd period - Riley Stillman is hit by Cole Schneider and loses puck.
1:34 of 2nd period - Shot by Vasili Ponomarev.
1:34 of 2nd period - Shot Misses the Net.
1:46 of 2nd period - Shot by Vasili Ponomarev.
1:46 of 2nd period - Shot Misses the Net.
1:52 of 2nd period - Shot by John Leonard.
1:52 of 2nd period - Shot Misses the Net.
1:54 of 2nd period - Shot by Dillon Heatherington.
1:54 of 2nd period - Stopped by Pavel Cajan with a rebound.
1:56 of 2nd period - Shot by John Leonard.
1:56 of 2nd period - Deflect By Vasili Ponomarev.
1:56 of 2nd period - Stopped by Pavel Cajan without a rebound.
1:57 of 2nd period - Charles Hudon wins face-off versus Cal O'Reilly in Senators zone.
2:00 of 2nd period - Shot by Nicolas Deslauriers.
2:00 of 2nd period - Stopped by Pavel Cajan with a rebound.
2:25 of 2nd period - Shot by Milan Lucic.
2:25 of 2nd period - Shot Blocked by Will Butcher.
2:27 of 2nd period - Shot by Milan Lucic.
2:27 of 2nd period - Shot Blocked by Jacob MacDonald.
2:29 of 2nd period - Shot by Dakota Mermis.
2:29 of 2nd period - Stopped by Jesper Wallstedt with a rebound.
2:31 of 2nd period - Shot by Cal O'Reilly.
2:31 of 2nd period - Stopped by Jesper Wallstedt without a rebound.
2:32 of 2nd period - Seth Griffith wins face-off versus Tyler Madden in Wolfpack zone.
2:52 of 2nd period - Shot by Matthew Phillips.
2:52 of 2nd period - Stopped by Pavel Cajan without a rebound.
2:53 of 2nd period - Graeme Clarke wins face-off versus Vasili Ponomarev in Senators zone.
3:06 of 2nd period - Tye Felhaber is hit by Cole Schneider and loses puck.
3:15 of 2nd period - Shot by Tye Felhaber.
3:15 of 2nd period - Stopped by Jesper Wallstedt with a rebound.
3:17 of 2nd period - Shot by Riley Stillman.
3:17 of 2nd period - Goal by Riley Stillman - Senators : 4 - Wolfpack : 3.
3:18 of 2nd period - Peter Abbandonato wins face-off versus Matthew Phillips in neutral zone.
3:27 of 2nd period - Shot by Givani Smith.
3:27 of 2nd period - Stopped by Jesper Wallstedt without a rebound.
3:28 of 2nd period - Seth Griffith wins face-off versus Mavrik Bourque in Wolfpack zone.
3:50 of 2nd period - Shot by Seth Griffith.
3:50 of 2nd period - Stopped by Jesper Wallstedt without a rebound.
3:51 of 2nd period - Charles Hudon wins face-off versus Peter Abbandonato in Wolfpack zone.
4:20 of 2nd period - Shot by Nicolas Deslauriers.
4:20 of 2nd period - Stopped by Pavel Cajan without a rebound.
4:21 of 2nd period - Graeme Clarke wins face-off versus Tyler Madden in Senators zone.
4:46 of 2nd period - Shot by Gerry Mayhew.
4:46 of 2nd period - Shot Misses the Net.
4:48 of 2nd period - Shot by Jon Merrill.
4:48 of 2nd period - Shot Misses the Net.
5:30 of 2nd period - Shot by Cameron Hebig.
5:30 of 2nd period - Stopped by Jesper Wallstedt without a rebound.
5:31 of 2nd period - Charles Hudon wins face-off versus Peter Abbandonato in Wolfpack zone.
5:44 of 2nd period - Minor Penalty to Nicolas Deslauriers for Tripping.
5:45 of 2nd period - Seth Griffith wins face-off versus Mavrik Bourque in Wolfpack zone.
6:12 of 2nd period - Shot by Dakota Mermis.
6:12 of 2nd period - Shot Misses the Net.
6:44 of 2nd period - Shot by Givani Smith.
6:44 of 2nd period - Shot Blocked by Jacob MacDonald.
6:46 of 2nd period - Shot by Givani Smith.
6:46 of 2nd period - Stopped by Jesper Wallstedt without a rebound.
6:47 of 2nd period - Drake Caggiula wins face-off versus Peter Abbandonato in Wolfpack zone.
6:58 of 2nd period - Shot by Jon Merrill.
6:58 of 2nd period - Shot Blocked by Josh Mahura.
7:14 of 2nd period - Givani Smith is hit by Drake Caggiula and loses puck.
7:25 of 2nd period - Shot by Charles Hudon.
7:25 of 2nd period - Shot Blocked by Jon Merrill.
8:02 of 2nd period - Dillon Heatherington and Riley Stillman fight to a draw.
8:02 of 2nd period - Penalty to Dillon Heatherington for Fighting.
8:02 of 2nd period - Penalty to Riley Stillman for Fighting.
8:03 of 2nd period - Nicolas Deslauriers wins face-off versus Cal O'Reilly in neutral zone.
8:17 of 2nd period - Minor Penalty to Colton White for Tripping.
8:18 of 2nd period - Mavrik Bourque wins face-off versus Seth Griffith in Wolfpack zone.
9:16 of 2nd period - Peter Abbandonato is hit by Charles Hudon and loses puck.
9:50 of 2nd period - Off-side.
9:51 of 2nd period - Mavrik Bourque wins face-off versus Seth Griffith in neutral zone.
9:57 of 2nd period - Icing by Graeme Clarke.
9:58 of 2nd period - Drake Caggiula wins face-off versus Seth Griffith in Senators zone.
10:08 of 2nd period - Graeme Clarke is hit by Josh Mahura and loses puck.
10:14 of 2nd period - Seth Griffith is hit by Josh Mahura and loses puck.
10:37 of 2nd period - Shot by Cal O'Reilly.
10:37 of 2nd period - Shot Misses the Net.
11:18 of 2nd period - Shot by Charles Hudon.
11:18 of 2nd period - Stopped by Pavel Cajan without a rebound.
11:19 of 2nd period - Givani Smith wins face-off versus Mavrik Bourque in Senators zone.
11:19 of 2nd period - Givani Smith is hit by Mackenzie Entwistle.
11:24 of 2nd period - Icing by Jon Merrill.
11:25 of 2nd period - Peter Abbandonato wins face-off versus Mavrik Bourque in Senators zone.
11:55 of 2nd period - Shot by Logan Day.
11:55 of 2nd period - Stopped by Jesper Wallstedt without a rebound.
11:56 of 2nd period - Vasili Ponomarev wins face-off versus Seth Griffith in Wolfpack zone.
11:56 of 2nd period - Vasili Ponomarev is hit by Mathieu Olivier.
12:18 of 2nd period - Shot by Cameron Hebig.
12:18 of 2nd period - Stopped by Jesper Wallstedt without a rebound.
12:19 of 2nd period - Graeme Clarke wins face-off versus Gage Quinney in Wolfpack zone.
12:19 of 2nd period - William Villeneuve is hit by Drew Helleson and loses puck.
12:26 of 2nd period - Drew Helleson is hit by Gerry Mayhew and loses puck.
12:34 of 2nd period - Shot by Charles Hudon.
12:34 of 2nd period - Shot Misses the Net.
12:36 of 2nd period - Shot by Charles Hudon.
12:36 of 2nd period - Shot Misses the Net.
12:42 of 2nd period - Shot by Charles Hudon.
12:42 of 2nd period - Shot Misses the Net.
12:52 of 2nd period - Minor Penalty to Nicolas Deslauriers for High sticking.
12:53 of 2nd period - Seth Griffith wins face-off versus Mavrik Bourque in Wolfpack zone.
13:04 of 2nd period - Shot by Seth Griffith.
13:04 of 2nd period - Stopped by Jesper Wallstedt with a rebound.
14:05 of 2nd period - Shot by Dakota Mermis.
14:05 of 2nd period - Shot Misses the Net.
14:09 of 2nd period - Shot by Mathieu Olivier.
14:09 of 2nd period - Shot Blocked by Josh Mahura.
14:11 of 2nd period - Shot by Mathieu Olivier.
14:11 of 2nd period - Stopped by Jesper Wallstedt without a rebound.
14:12 of 2nd period - Drake Caggiula wins face-off versus Seth Griffith in Wolfpack zone.
14:31 of 2nd period - Cameron Hebig is hit by Cole Schneider and loses puck.
15:38 of 2nd period - Off-side.
15:39 of 2nd period - Vasili Ponomarev wins face-off versus Peter Abbandonato in neutral zone.
15:39 of 2nd period - Vasili Ponomarev is hit by Greg McKegg.
16:34 of 2nd period - Icing by Graeme Clarke.
16:35 of 2nd period - Tyler Madden wins face-off versus Graeme Clarke in Senators zone.
16:35 of 2nd period - Tyler Madden is hit by Logan Day.
16:36 of 2nd period - Minor Penalty to Jon Merrill for Cross-checking.
16:37 of 2nd period - Mavrik Bourque wins face-off versus Greg McKegg in Senators zone.
17:01 of 2nd period - Minor Penalty to Milan Lucic for High sticking.
17:02 of 2nd period - Greg McKegg wins face-off versus Charles Hudon in Senators zone.
17:08 of 2nd period - Minor Penalty to Greg McKegg for Slashing.
17:09 of 2nd period - Charles Hudon wins face-off versus Mathieu Olivier in Senators zone.
17:23 of 2nd period - Shot by Roland McKeown.
17:23 of 2nd period - Stopped by Jesper Wallstedt with a rebound.
17:25 of 2nd period - Shot by Mathieu Olivier.
17:25 of 2nd period - Shot Misses the Net.
17:27 of 2nd period - Shot by Mathieu Olivier.
17:27 of 2nd period - Shot Misses the Net.
19:19 of 2nd period - John Leonard is hit by Jon Merrill and loses puck.
19:23 of 2nd period - Vasili Ponomarev is hit by Dakota Mermis.
19:39 of 2nd period - Shot by Cole Schneider.
19:39 of 2nd period - Shot Misses the Net.
Goals for this period are 1 for Senators vs 0 for Wolfpack.
Shots for this period are 14 for Senators vs 6 for Wolfpack.

3rd period


0:01 of 3rd period - Seth Griffith wins face-off versus Mavrik Bourque in neutral zone.
0:01 of 3rd period - Seth Griffith is hit by Drake Caggiula.
0:39 of 3rd period - Icing by Cameron Hebig.
0:40 of 3rd period - Charles Hudon wins face-off versus Seth Griffith in Senators zone.
0:45 of 3rd period - Shot by Charles Hudon.
0:45 of 3rd period - Stopped by Pavel Cajan with a rebound.
0:52 of 3rd period - Dakota Mermis is hit by Jacob MacDonald.
1:01 of 3rd period - Icing by Will Butcher.
1:02 of 3rd period - Gage Quinney wins face-off versus Graeme Clarke in Wolfpack zone.
1:02 of 3rd period - Gage Quinney is hit by Gerry Mayhew.
1:16 of 3rd period - Minor Penalty to Tye Felhaber for Tripping.
1:17 of 3rd period - Greg McKegg wins face-off versus Mavrik Bourque in Senators zone.
1:26 of 3rd period - Shot by Marco Scandella.
1:26 of 3rd period - Shot Blocked by Mathieu Olivier.
1:28 of 3rd period - Shot by Drake Caggiula.
1:28 of 3rd period - Shot Misses the Net.
1:32 of 3rd period - Shot by Mackenzie Entwistle.
1:32 of 3rd period - Deflect By Mavrik Bourque.
1:32 of 3rd period - Shot Blocked by Riley Stillman.
1:34 of 3rd period - Shot by Marco Scandella.
1:34 of 3rd period - Shot Blocked by Riley Stillman.
2:59 of 3rd period - Dakota Mermis is hit by Drake Caggiula and loses puck.
3:34 of 3rd period - Minor Penalty to John Leonard for Delaying the game.
3:35 of 3rd period - Peter Abbandonato wins face-off versus Mavrik Bourque in Wolfpack zone.
3:36 of 3rd period - Shot by Dakota Mermis.
3:36 of 3rd period - Shot Misses the Net.
3:38 of 3rd period - Shot by Dakota Mermis.
3:38 of 3rd period - Shot Misses the Net.
3:40 of 3rd period - Shot by Givani Smith.
3:40 of 3rd period - Stopped by Jesper Wallstedt with a rebound.
3:42 of 3rd period - Shot by Graeme Clarke.
3:42 of 3rd period - Stopped by Jesper Wallstedt with a rebound.
4:20 of 3rd period - Shot by Jon Merrill.
4:20 of 3rd period - Stopped by Jesper Wallstedt without a rebound.
4:21 of 3rd period - Drake Caggiula wins face-off versus Seth Griffith in Wolfpack zone.
4:21 of 3rd period - Drake Caggiula is hit by Mathieu Olivier.
5:11 of 3rd period - Shot by Graeme Clarke.
5:11 of 3rd period - Shot Misses the Net.
5:13 of 3rd period - Shot by Givani Smith.
5:13 of 3rd period - Shot Misses the Net.
5:37 of 3rd period - Icing by Tyler Spezia.
5:38 of 3rd period - Cal O'Reilly wins face-off versus Vasili Ponomarev in Senators zone.
5:38 of 3rd period - Cal O'Reilly is hit by Cole Schneider.
5:46 of 3rd period - Shot by Roland McKeown.
5:46 of 3rd period - Stopped by Jesper Wallstedt without a rebound.
5:47 of 3rd period - Charles Hudon wins face-off versus Cal O'Reilly in Wolfpack zone.
6:10 of 3rd period - Shot by Charles Hudon.
6:10 of 3rd period - Shot Misses the Net.
6:12 of 3rd period - Shot by Gage Quinney.
6:12 of 3rd period - Stopped by Pavel Cajan with a rebound.
6:14 of 3rd period - Shot by Dillon Heatherington.
6:14 of 3rd period - Stopped by Pavel Cajan with a rebound.
6:16 of 3rd period - Shot by Nicolas Deslauriers.
6:16 of 3rd period - Deflect By Charles Hudon.
6:16 of 3rd period - Goal by Charles Hudon - Senators : 4 - Wolfpack : 4.
6:17 of 3rd period - Vasili Ponomarev wins face-off versus Seth Griffith in neutral zone.
6:41 of 3rd period - Minor Penalty to Jacob MacDonald for Delaying the game.
6:42 of 3rd period - Mavrik Bourque wins face-off versus Peter Abbandonato in Wolfpack zone.
7:25 of 3rd period - Icing by Gerry Mayhew.
7:26 of 3rd period - Mavrik Bourque wins face-off versus Seth Griffith in Senators zone.
7:27 of 3rd period - Shot by Mackenzie Entwistle.
7:27 of 3rd period - Stopped by Pavel Cajan with a rebound.
7:33 of 3rd period - Shot by Mackenzie Entwistle.
7:33 of 3rd period - Shot Misses the Net.
7:40 of 3rd period - Shot by Drew Helleson.
7:40 of 3rd period - Stopped by Pavel Cajan without a rebound.
7:41 of 3rd period - Mavrik Bourque wins face-off versus Seth Griffith in Senators zone.
7:41 of 3rd period - Mackenzie Entwistle is hit by Jon Merrill and loses puck.
7:45 of 3rd period - Icing by Cameron Hebig.
7:46 of 3rd period - Mavrik Bourque wins face-off versus Seth Griffith in Senators zone.
7:51 of 3rd period - Shot by Mavrik Bourque.
7:51 of 3rd period - Shot Misses the Net.
8:51 of 3rd period - Shot by John Leonard.
8:51 of 3rd period - Stopped by Pavel Cajan with a rebound.
8:53 of 3rd period - Shot by Vasili Ponomarev.
8:53 of 3rd period - Goal by Vasili Ponomarev - Senators : 4 - Wolfpack : 5.
8:54 of 3rd period - Peter Abbandonato wins face-off versus Charles Hudon in neutral zone.
8:54 of 3rd period - Dakota Mermis is hit by Nicolas Deslauriers and loses puck.
9:02 of 3rd period - Givani Smith is hit by Colton White and loses puck.
9:09 of 3rd period - Shot by Givani Smith.
9:09 of 3rd period - Stopped by Jesper Wallstedt without a rebound.
9:10 of 3rd period - Cal O'Reilly wins face-off versus Vasili Ponomarev in Wolfpack zone.
9:11 of 3rd period - Shot by Milan Lucic.
9:11 of 3rd period - Shot Blocked by Cole Schneider.
9:13 of 3rd period - Shot by Milan Lucic.
9:13 of 3rd period - Deflect By Tyler Spezia.
9:13 of 3rd period - Stopped by Jesper Wallstedt without a rebound.
9:14 of 3rd period - Graeme Clarke wins face-off versus Tyler Madden in Wolfpack zone.
9:27 of 3rd period - Shot by Graeme Clarke.
9:27 of 3rd period - Stopped by Jesper Wallstedt with a rebound.
9:51 of 3rd period - Shot by Tyler Madden.
9:51 of 3rd period - Shot Blocked by Roland McKeown.
10:11 of 3rd period - Shot by Charles Hudon.
10:11 of 3rd period - Deflect By Nicolas Deslauriers.
10:11 of 3rd period - Stopped by Pavel Cajan with a rebound.
10:13 of 3rd period - Shot by Gage Quinney.
10:13 of 3rd period - Shot Blocked by Roland McKeown.
10:21 of 3rd period - Shot by Gage Quinney.
10:21 of 3rd period - Stopped by Pavel Cajan with a rebound.
10:23 of 3rd period - Shot by Gage Quinney.
10:23 of 3rd period - Stopped by Pavel Cajan without a rebound.
10:24 of 3rd period - Vasili Ponomarev wins face-off versus Seth Griffith in Senators zone.
10:24 of 3rd period - Vasili Ponomarev is hit by William Villeneuve.
10:35 of 3rd period - Minor Penalty to Vasili Ponomarev for Roughing.
10:36 of 3rd period - Mavrik Bourque wins face-off versus Seth Griffith in Wolfpack zone.
10:36 of 3rd period - Mavrik Bourque is hit by Milan Lucic.
10:57 of 3rd period - Shot by Cameron Hebig.
10:57 of 3rd period - Shot Blocked by Marco Scandella.
10:59 of 3rd period - Shot by Cameron Hebig.
10:59 of 3rd period - Shot Misses the Net.
11:01 of 3rd period - Shot by Milan Lucic.
11:01 of 3rd period - Stopped by Jesper Wallstedt with a rebound.
11:50 of 3rd period - Shot by Charles Hudon.
11:50 of 3rd period - Stopped by Pavel Cajan without a rebound.
11:51 of 3rd period - Mavrik Bourque wins face-off versus Seth Griffith in Senators zone.
11:54 of 3rd period - Shot by Mavrik Bourque.
11:54 of 3rd period - Shot Misses the Net.
12:53 of 3rd period - Shot by Cole Schneider.
12:53 of 3rd period - Shot Misses the Net.
12:55 of 3rd period - Shot by Cole Schneider.
12:55 of 3rd period - Stopped by Pavel Cajan without a rebound.
12:56 of 3rd period - Tyler Madden wins face-off versus Peter Abbandonato in Senators zone.
13:25 of 3rd period - Peter Abbandonato is hit by Jacob MacDonald and loses puck.
13:41 of 3rd period - Givani Smith is hit by Jacob MacDonald.
14:13 of 3rd period - Shot by Gage Quinney.
14:13 of 3rd period - Shot Misses the Net.
14:15 of 3rd period - Shot by Drew Helleson.
14:15 of 3rd period - Shot Misses the Net.
14:17 of 3rd period - Shot by Gage Quinney.
14:17 of 3rd period - Shot Misses the Net.
14:32 of 3rd period - Minor Penalty to Nicolas Deslauriers for Roughing.
14:32 of 3rd period - Minor Penalty to Roland McKeown for Delaying the game.
14:33 of 3rd period - John Leonard wins face-off versus Seth Griffith in Senators zone.
15:32 of 3rd period - Will Butcher is hit by Greg McKegg and loses puck.
16:02 of 3rd period - Icing by Will Butcher.
16:03 of 3rd period - Drake Caggiula wins face-off versus Givani Smith in Wolfpack zone.
16:53 of 3rd period - Shot by Cal O'Reilly.
16:53 of 3rd period - Deflect By Milan Lucic.
16:53 of 3rd period - Shot Misses the Net.
16:55 of 3rd period - Shot by Riley Stillman.
16:55 of 3rd period - Shot Hit the Post.
17:23 of 3rd period - Shot by Matthew Phillips.
17:23 of 3rd period - Stopped by Pavel Cajan without a rebound.
17:24 of 3rd period - Graeme Clarke wins face-off versus Charles Hudon in Senators zone.
17:24 of 3rd period - Graeme Clarke is hit by Nicolas Deslauriers.
17:25 of 3rd period - Minor Penalty to Nicolas Deslauriers for Slashing.
17:26 of 3rd period - Peter Abbandonato wins face-off versus Mavrik Bourque in Wolfpack zone.
18:09 of 3rd period - Shot by Jon Merrill.
18:09 of 3rd period - Stopped by Jesper Wallstedt without a rebound.
18:10 of 3rd period - Seth Griffith wins face-off versus Mavrik Bourque in Wolfpack zone.
18:31 of 3rd period - Senators, Pavel Cajan is pulled from the net.
18:31 of 3rd period - Shot by Jon Merrill.
18:31 of 3rd period - Stopped by Jesper Wallstedt without a rebound.
18:32 of 3rd period - Seth Griffith wins face-off versus Mackenzie Entwistle in Wolfpack zone.
19:23 of 3rd period - Off-side.
19:24 of 3rd period - Peter Abbandonato wins face-off versus Drake Caggiula in neutral zone.
19:43 of 3rd period - Shot by Graeme Clarke.
19:43 of 3rd period - Stopped by Jesper Wallstedt without a rebound.
19:44 of 3rd period - Seth Griffith wins face-off versus John Leonard in Wolfpack zone.
19:44 of 3rd period - Graeme Clarke is hit by Dillon Heatherington.
Goals for this period are 0 for Senators vs 2 for Wolfpack.
Shots for this period are 11 for Senators vs 14 for Wolfpack.